 Dungeon Crawl Stone Soup version 0.17-a0-1614-g2062e81 (console) character file.

7885 Monkaria the Spry (level 11, -3/78 HPs)
             Began as a Felid Berserker on Aug 1, 2015.
             Was an Elder of Trog.
             Slain by an ice devil (13 damage)
             ... in an ice cave.
             The game lasted 00:27:29 (11179 turns).

Monkaria the Spry (Felid Berserker)                Turns: 11179, Time: 00:27:29

Health: -3/78      AC:  4    Str: 17    XL:     11   Next: 2%
Magic:  10/10      EV: 30    Int:  9    God:    Trog [****..]
Gold:   583        SH:  2    Dex: 16    Spells: 0 memorised, 10 levels left
                                        Lives:  0   Deaths: 3

rFire  x . .     SeeInvis +       - Unarmed
rCold  + . .     Clarity  +     (armour unavailable)
rNeg   . . .     SustAt   +     (shield unavailable)
rPois  .         Gourm    .     (helmet unavailable)
rElec  .         Spirit   .     (cloak unavailable)
rCorr  .         Warding  .     (gloves unavailable)
rMut   .         Stasis   .     (boots unavailable)
MR     +++..                    P - amulet of faith
Stlth  ..........               z - ring of sustain attributes
                                u - ring of ice

@: berserking, regenerating, very quick, extremely resistant to hostile
enchantments, extremely unstealthy
A: no armour, no weapons or thrown items, claws 1, fangs 3, large bone plates 1,
see invisible, berserk 1, carnivore 3, clarity, speed 1, low mp 1, screaming 1,
shaggy fur 2, slow healing 1, slow metabolism 1, weak 2, sharp paws
a: Burn Spellbooks, Berserk, Trog's Hand, Brothers in Arms, Renounce Religion


You were in an ice cave.
You worshipped Trog.
Trog was greatly pleased with you.
You were not hungry.

You visited 2 branches of the dungeon, and saw 12 of its levels.
You also visited: Ice Cave.

You collected 708 gold pieces.
You spent 125 gold pieces at shops.

Inventory:

Jewellery
 u - a ring of ice (left paw)
 z - a ring of sustain attributes (right paw)
 I - an uncursed amulet of clarity
 P - an amulet of faith (around neck)
Magical devices
 i - a wand of paralysis (17)
 k - a wand of draining (6)
 o - a wand of fireball (5)
 q - a wand of fireball (5)
 w - a wand of polymorph (11)
 y - a wand of disintegration (7)
 E - a wand of invisibility (7)
 G - a wand of disintegration (15)
 R - a wand of slowing (21)
Scrolls
 d - 6 scrolls of teleportation
 f - 9 scrolls of remove curse
 g - a scroll of fear
 h - 3 scrolls of fog
 j - 2 scrolls of immolation
 n - 2 scrolls of enchant armour
 v - a scroll of magic mapping
 x - a scroll of recharging {unknown}
 C - a scroll of summoning {unknown}
 F - 2 scrolls of amnesia {unknown}
 H - a scroll of torment {unknown}
Potions
 e - a potion of flight
 l - a potion of curing
 m - 2 potions of cancellation
 r - a potion of brilliance
 s - 3 potions of might
 t - a potion of invisibility
 B - a potion of agility
 J - a potion of resistance
 K - 2 potions of ambrosia
 M - a potion of lignification
 N - a potion of haste {unknown}
 O - a potion of degeneration {unknown}
 Q - a potion of magic {unknown}
Books
 D - a book of the Warp

   Spells                             Type                      Level
   a - Recall                         Summoning/Translocation      3
   b - Gell's Gravitas                Hexes/Translocation          3
   c - Force Lance                    Conjuration/Translocation    4
   d - Phase Shift                    Translocation                5
   e - Warp Weapon                    Charms/Translocation         5
   f - Summon Forest                  Summoning/Translocation      5
   Trog disapproves of the use of such an item.
 L - a Necronomicon

   Spells                             Type                      Level
   a - Haunt                          Necromancy/Summoning         7
   b - Borgnjor's Revivification      Necromancy                   8
   c - Death's Door                   Charms/Necromancy            8
   d - Necromutation                  Transmutation/Necromancy     8
   Trog disapproves of the use of such an item.
Miscellaneous
 c - a box of beasts
Comestibles
 a - 6 meat rations
 b - a slice of pizza
 p - 2 beef jerkies


   Skills:
 + Level 8.4 Fighting
 - Level 15.2 Dodging
 - Level 14.0 Stealth
 - Level 7.0 Unarmed Combat


You had 10 spell levels left.
You didn't know any spells.

Dungeon Overview and Level Annotations

Branches:
Dungeon (11/15)            Temple (1/1) D:7            Lair (0/8) D:9
    Orc: D:9-12

Altars:
Ashenzari
Cheibriados
Dithmenos
Elyvilon
Fedhas
Gozag
Kikubaaqudgha
Makhleb
Nemelex Xobeh
Okawaru
Qazlal
Ru
Sif Muna
Trog
Vehumet
Xom
Yredelemnul
Zin
The Shining One

Shops:
D:4 ?[


Innate Abilities, Weirdness & Mutations

You cannot wear armour.
You are incapable of wielding weapons or throwing items.
You have sharp claws.
You have razor-sharp teeth.
You have supernaturally acute eyesight.
You are carnivorous and can eat meat at any time.
You cover ground quickly.
You are covered in thick fur (AC +2).
You have a slow metabolism.
Your sharp claws are effective at attacking unaware monsters.
You are partially covered in large bone plates (AC +2, SH +2).
You tend to lose your temper in combat.
You possess an exceptional clarity of mind.
Your magical capacity is low (-10% MP).
You occasionally shout uncontrollably at your foes.
You heal slowly when monsters are visible.
You are very weak. (Str -4)


Message History

A red film seems to cover your vision as you go berserk!
You feel yourself moving faster!
You feel mighty!
You feel somewhat more hungry. You block the ice devil's attack.
You scratch the ice devil. Your claw misses the ice devil.
The ice devil is lightly wounded.
The ice devil barely misses you.
You claw the ice devil!
The ice devil is lightly wounded.
You claw the ice devil!
The ice devil is moderately wounded.
The ice devil hits you!
* * * LOW HITPOINT WARNING * * *
The ice devil freezes you. You resist.
* * * LOW HITPOINT WARNING * * *
You claw the ice devil! You bite the ice devil!
The ice devil is severely wounded.
The ice devil hits you!
* * * LOW HITPOINT WARNING * * *
The ice devil freezes you! You resist.
You die...

#.#...#.#...#
###'#...#'###'#
#.'.......'.#.#
###.8...8.###.#
#.'.......'.#.#
###.8...8.###.#
#.'.......'.#.#
###.8...83###.#
#.'.....@.'.#.#
#'######'######'#
#...............#
####8.#####.8####
## #.## #.# #.#
#.# ..#


You could see an ice devil.

Vanquished Creatures
  2 ice statues (IceCv)
  A cyclops (D:9)
  A manticore (D:10)
  5 blue devils (IceCv)
  A tengu conjurer (D:10)
  3 trolls (D:9)
  A fire drake (D:9)
  Prince Ribbit (D:9)
  A wraith (D:10)
  Sigmund (D:5)
  A hungry ghost (D:9)
  10 yaks
  6 hippogriffs
  Edmund (D:4)
  A water moccasin (D:9)
  2 eyes of draining
  Duvessa (D:4)
  A black bear (D:9)
  5 sky beasts
  5 ice beasts
  5 ogres
  2 orc warriors
  A necrophage (D:10)
  2 wasps
  3 centaurs
  2 big kobolds
  A crocodile (D:10)
  Dowan (D:4)
  7 giant frogs
  4 killer bees (D:8)
  3 scorpions
  5 wights (D:10)
  6 crimson imps
  6 hounds
  2 draconian simulacra (IceCv)
  7 orc wizards
  8 orc priests
  2 centaur skeletons
  A gnoll shaman (D:9)
  2 jellies
  4 giant frog skeletons
  An iguana (D:7)
  5 troll simulacra (IceCv)
  3 worker ants
  2 centaur simulacra (IceCv)
  2 hound skeletons
  12 gnolls
  A naga simulacrum (IceCv)
  11 adders
  A shadow imp (D:9)
  12 white imps (D:11)
  2 oozes
  5 worms
  An adder skeleton (D:9)
  8 giant geckos
  29 orcs
  12 bats
  6 giant cockroaches
  8 goblins
  4 hobgoblins
  26 jackals
  33 kobolds
  A quokka (D:6)
  A ball python (D:2)
  A giant cockroach zombie (D:4)
  2 giant gecko skeletons
  3 giant newts
  2 quokka zombies
  6 rats
  6 plants (D:5)
330 creatures vanquished.

Notes
Turn   | Place    | Note
--------------------------------------------------------------
     0 | D:1      | Monkaria the Felid Berserker began the quest for the Orb.
     0 | D:1      | Reached XP level 1. HP: 10/10 MP: 2/2
   546 | D:1      | Reached XP level 2. HP: 12/14 MP: 3/3
   593 | D:1      | Reached skill level 5 in Dodging
   978 | D:2      | Reached XP level 3. HP: 13/17 MP: 4/4
  1104 | D:2      | Acquired Trog's second power
  1209 | D:2      | Reached skill level 6 in Dodging
  1418 | D:2      | Reached XP level 4. HP: 21/21 MP: 5/5
  1693 | D:3      | Found a burning altar of Makhleb.
  1696 | D:3      | Noticed an Executioner
  1698 | D:3      | Found a glowing silver altar of Zin.
  1698 | D:3      | Noticed an angel
  1802 | D:3      | Reached XP level 5. HP: 23/24 MP: 6/6
  1864 | D:3      | Noticed a hippogriff
  1871 | D:3      | Killed a hippogriff
  1871 | D:3      | Gained mutation: You are covered in thick fur (AC +2). [Felid growth]
  1871 | D:3      | Reached XP level 6. HP: 16/28 MP: 7/7
  2431 | D:4      | Reached skill level 1 in Stealth
  2472 | D:4      | Noticed Edmund
  2490 | D:4      | Killed Edmund
  2512 | D:4      | Found Fyligrewn's Magic Scroll Boutique.
  2520 | D:4      | Bought a scroll of teleportation for 30 gold pieces
  2520 | D:4      | Bought a scroll of identify for 20 gold pieces
  2520 | D:4      | Bought a scroll of identify for 20 gold pieces
  2520 | D:4      | Bought a scroll of identify for 20 gold pieces
  2520 | D:4      | Bought a scroll of immolation for 35 gold pieces
  2534 | D:4      | Found Hawnin's Armour Shoppe.
  2625 | D:4      | Found an iron altar of Okawaru.
  2703 | D:4      | Noticed Dowan
  2704 | D:4      | Noticed Duvessa
  2722 | D:4      | Killed Duvessa
  2722 | D:4      | Reached skill level 5 in Stealth
  2722 | D:4      | Reached XP level 7. HP: 13/31 MP: 8/8
  2725 | D:4      | Killed Dowan
  3432 | D:5      | Entered Level 5 of the Dungeon
  3554 | D:5      | Noticed Sigmund
  3569 | D:5      | Killed Sigmund
  3569 | D:5      | Reached skill level 8 in Stealth
  3762 | D:5      | Reached skill level 9 in Stealth
  3780 | D:5      | Slain by a sky beast
  3781 | D:5      | Reached XP level 6. HP: 0/28 MP: 7/7
  3841 | D:5      | Reached XP level 7. HP: 31/31 MP: 8/8
  4191 | D:5      | Reached skill level 10 in Stealth
  4201 | D:5      | Acquired Trog's third power
  5127 | D:6      | Reached skill level 11 in Stealth
  5143 | D:6      | Gained mutation: Your spells are a little harder to cast, but a little more powerful. [mutagenic meat]
  5144 | D:6      | Gained mutation: You possess an exceptional clarity of mind. [mutagenic meat]
  5146 | D:6      | Gained mutation: You occasionally shout uncontrollably at your foes. [mutagenic meat]
  5147 | D:6      | Lost mutation: Your spells are a little harder to cast, but a little more powerful. [mutagenic meat]
  5148 | D:6      | Gained mutation: You tend to lose your temper in combat. [mutagenic meat]
  5246 | D:6      | Reached XP level 8. HP: 34/34 MP: 9/9
  5271 | D:6      | Reached skill level 12 in Stealth
  5364 | D:6      | Reached skill level 13 in Stealth
  5369 | D:6      | Gained mutation: You are partially covered in large bone plates (AC +2, SH +2). [mutagenic meat]
  5370 | D:6      | Gained mutation: You are weak. (Str -2) [mutagenic meat]
  5371 | D:6      | Gained mutation: You heal slowly when monsters are visible. [mutagenic meat]
  5372 | D:6      | Gained mutation: Your magical capacity is low (-10% MP). [mutagenic meat]
  6315 | D:6      | Reached skill level 14 in Stealth
  6379 | D:7      | Reached XP level 9. HP: 28/37 MP: 9/9
  6448 | D:7      | Found a staircase to the Ecumenical Temple.
  6606 | D:7      | Found a shattered altar of Ashenzari.
  6657 | D:7      | Found an ancient bone altar of Kikubaaqudgha.
  6658 | D:7      | Found a glowing golden altar of the Shining One.
  6908 | Temple   | Entered the Ecumenical Temple
  7014 | D:8      | Reached skill level 10 in Dodging
  7115 | D:8      | Gained mutation: You are very weak. (Str -4) [mutagenic meat]
  7588 | D:8      | You fall through a shaft!
  7654 | D:9      | Found a staircase to the Lair.
  7655 | D:9      | Noticed a fire drake
  7716 | D:9      | Reached XP level 10. HP: 42/42 MP: 10/10
  7740 | D:9      | Reached skill level 5 in Fighting
  7921 | D:9      | Noticed Prince Ribbit
  7953 | D:9      | Killed Prince Ribbit
  7969 | D:9      | HP: 2/45 [troll (10)]
  7970 | D:9      | Slain by a troll
  7971 | D:9      | Reached XP level 9. HP: -4/41 MP: 9/9
  8171 | D:9      | Killed a fire drake
  8396 | D:9      | Killed from afar by an orc wizard
  8397 | D:9      | Reached XP level 8. HP: -5/40 MP: 8/8
  8437 | D:9      | Found a sacrificial altar of Ru.
  8548 | D:9      | Reached XP level 9. HP: 38/43 MP: 9/9
  8693 | D:9      | Noticed a cyclops
  8717 | D:9      | Killed a cyclops
  9091 | D:10     | Entered Level 10 of the Dungeon
  9104 | D:10     | Noticed a tengu conjurer
  9198 | D:10     | Killed a tengu conjurer
  9415 | D:10     | Found a glowing golden altar of the Shining One.
  9435 | D:10     | Noticed a manticore
  9443 | D:10     | Killed a manticore
  9549 | D:10     | Reached XP level 10. HP: 47/47 MP: 10/10
 10122 | D:11     | Found a frozen archway.
 10214 | IceCv    | Entered an ice cave
 10353 | IceCv    | Noticed an ice statue
 10353 | IceCv    | Noticed an ice statue
 10393 | IceCv    | Reached skill level 15 in Dodging
 10413 | IceCv    | Killed an ice statue
 10664 | IceCv    | Killed an ice statue
 10714 | IceCv    | Noticed an ice devil
 11060 | IceCv    | Reached XP level 11. HP: 52/52 MP: 10/10
 11179 | IceCv    | Slain by an ice devil

Vault maps used:
D:1:      roderic_chinese_lattice_arrival
D:2:      first_bread, dk_noncrumbling_4, minmay_fountain_box
D:3:      grunt_temple_overflow_order_and_chaos_2, wad_floor_pattern_2
D:4:      serial_shops, shop, shop, okawaru_trees_1, uniq_duvessa, uniq_edmund
D:5:      kennysheep_kobold_camp, uniq_sigmund
D:7:      ashenzari_altar_1, gammafunk_temple_overflow_statue,
          minmay_temple_entry_statues_pillars
D:9:      nicolae_ru_awakened_eye, minmay_lair_entry_lava,
          minmay_diamond_spiral, uniq_prince_ribbit1
D:10:     grunt_tengu_nest, tso_metal_star
D:11:     david_orc_2, portal_ice_cave_entry_imps
Temple:   nicolae_temple_god_jail
IceCv:    ice_cave_tombish

Action                   |  1- 3 |  4- 6 |  7- 9 | 10-12 || total
-------------------------+-------+-------+-------+-------++-------
Melee: Unarmed           |   139 |   108 |   691 |   387 ||  1325
Invok: Berserk           |     1 |     4 |    20 |     9 ||    34
       Trog's Hand       |     1 |     2 |    15 |    10 ||    28
       Burn Spellbooks   |       |       |     1 |       ||     1
Evoke: Wand              |       |       |     3 |     2 ||     5
  Use: Scroll            |       |    10 |     6 |     4 ||    20
       Potion            |       |       |     2 |     3 ||     5
 Stab: Sleeping          |     8 |     2 |    35 |     3 ||    48
       Distracted        |     1 |       |     2 |     3 ||     6
  Eat: Chunk             |     1 |    11 |    64 |     8 ||    84
